 Dungeon Crawl Stone Soup version 0.28.0-1-gb440e238dd (webtiles) character file.

Game seed: 7557207807826117437

126 bromine the Ducker (level 4, -3/67 HPs)
             Began as a Troll Berserker on Feb 21, 2022.
             Was a Believer of Trog.
             Slain by a gnoll (12 damage)
             ... on level 3 of the Dungeon on Feb 24, 2022.
             The game lasted 00:11:40 (1896 turns).

bromine the Ducker (Troll Berserker)                Turns: 1896, Time: 00:11:41

Health: -3/67      AC:  4    Str: 25    XL:     4   Next: 84%
Magic:  3/3        EV:  8    Int:  5    God:    Trog [**....]
Gold:   69         SH:  5    Dex:  9    Spells: 3/3 levels left

rFire   . . .      SeeInvis .   c - +0 war axe
rCold   . . .      Faith    +   d - +0 kite shield
rNeg    . . .      Spirit   .   b - +0 animal skin
rPois   .          Reflect  .   (helmet restricted)
rElec   .          Harm     .   (no cloak)
rCorr   .          Rampage  .   (gloves unavailable)
Will    .....                   (boots unavailable)
Stlth   ..........              e - amulet of faith
HPRegen 1.01/turn               (no ring)
MPRegen 0.08/turn               (no ring)

@: berserking (expiring), very quick
A: large, unfitting armour, claws 3, regeneration 1, shaggy fur 1, tough skin 1
a: Renounce Religion, Berserk, Trog's Hand


You were on level 3 of the Dungeon.
You worshipped Trog.
Trog was pleased with you.
You visited 1 branch of the dungeon, and saw 3 of its levels.

You collected 69 gold pieces.

Inventory:

Hand Weapons
 a - a +0 hand axe
 c - a +0 war axe (weapon)
Armour
 b - a +0 animal skin (worn)
 d - a +0 kite shield (worn)
Jewellery
 e - an amulet of faith (around neck)
Scrolls
 h - a scroll of fog
Potions
 f - a potion of degeneration
 g - a potion of haste {unknown}


   Skills:
 + Level 3.1 Fighting
 + Level 3.3 Axes
 + Level 3.3 Dodging
 + Level 0.2 Stealth
 + Level 0.1 Shields


You had 3 spell levels left.
You didn't know any spells.
Your spell library contained the following spells:

 Spells                   Type           Power      Damage    Failure   Level
 Alistair's Intoxication  Tmut/Pois      0%         N/A       100%        5
 Borgnjor's Vile Clutch   Necr/Erth      0%         N/A       100%        5
 Conjure Ball Lightning   Conj/Air       0%         3x3d6     100%        6
 Eringya's Noxious Bog    Tmut/Pois      0%         N/A       100%        6
 Discord                  Hex            0%         N/A       100%        8
 Disjunction              Tloc           0%         N/A       100%        8


Dungeon Overview and Level Annotations

Branches:
Dungeon (3/15)

Altars:
Trog

Shops:
D:2 ?


Innate Abilities, Weirdness & Mutations

You are too large for most types of armour.
You have claws for hands.
Your natural rate of healing is unusually fast.
You are covered in fur. (AC +1)
You have tough skin. (AC +1)


Message History

Trog accepts your kill. The orc barely misses you.
The orc priest casts a cantrip, but nothing happens.
The gnoll shaman hits you with a +0 whip!
The gnoll hits you with a +0 spear.
You barely miss the gnoll shaman.
The gnoll shaman is heavily wounded.
You barely miss the gnoll. You closely miss the orc.
You closely miss the gnoll. The gnoll hits you but does no damage.
The orc hits you with a +0 flail.
The gnoll shaman hits you with a +0 whip.
The gnoll hits you with a +0 spear.
The gnoll hits you from afar with a +0 halberd!
* * * LOW HITPOINT WARNING * * *
Unknown command.
You slash the gnoll shaman!
You kill the gnoll shaman!
Trog accepts your kill.
You closely miss the gnoll. You slash the orc!
You kill the orc!
Trog accepts your kill.
You slash the gnoll! The gnoll hits you with a +0 club.
* * * LOW HITPOINT WARNING * * *
The gnoll hits you with a +0 spear.
* * * LOW HITPOINT WARNING * * *
The gnoll hits you from afar with a +0 halberd.
* * * LOW HITPOINT WARNING * * *
You slash the orc!
You kill the orc!
Trog accepts your kill.
You slash the gnoll!
You kill the gnoll!
Trog accepts your kill.
You hit the orc.
You kill the orc!
Trog accepts your kill.
You barely miss the gnoll. The gnoll hits you with a +0 club.
* * * LOW HITPOINT WARNING * * *
The gnoll hits you from afar with a +0 halberd!
You die...

#################
########............)...
......o@.###############
......S)g# .......g.#
.........# .........#
.......... .........#
.........#


You could see an orc priest, 2 gnolls and a ball python.

Vanquished Creatures
  A gnoll shaman (D:3)
  3 gnolls (D:3)
  3 adders (D:2)
  A worm (D:2)
  2 dart slugs
  4 orcs (D:3)
  4 ball pythons
  3 endoplasms
  4 goblins
  2 hobgoblins (D:2)
  4 jackals (D:1)
  A quokka (D:2)
  6 bats
  A frilled lizard (D:2)
  5 kobolds
  5 rats
49 creatures vanquished.

Vanquished Creatures (others)
  A plant (D:1)
1 creature vanquished.

Grand Total: 50 creatures vanquished

Notes
Turn   | Place    | Note
-------+----------+-------------------------------------------
     0 | D:1      | bromine the Troll Berserker began the quest for the Orb.
     0 | D:1      | Reached XP level 1. HP: 22/22 MP: 0/0
   183 | D:1      | Found a faded altar of an unknown god.
   218 | D:1      | Reached XP level 2. HP: 29/29 MP: 1/1
   810 | D:2      | Found a bloodstained altar of Trog.
   834 | D:2      | Reached XP level 3. HP: 25/36 MP: 2/2
  1201 | D:2      | Reached ** piety under Trog
  1222 | D:2      | Found Wuasur's Magic Scroll Emporium.
  1684 | D:2      | Reached XP level 4. HP: 35/44 MP: 3/3
  1896 | D:3      | Slain by a gnoll

Illustrated notes

Levels and vault maps discovered:
D:1:      minmay_arrival_four_circles, layout_loops_ring,
          hellmonk_ecumenical_altar_run_dry, serial_bayou_lake_a
D:2:      layout_rooms, serial_shops, nicolae_square_shop, basic_altar
D:3:      layout_basic, elyvilon_altar_1, old_standard_altar, okawaru_gym_becter

Skill      XL: |  1  2  3  4 |
---------------+-------------+-----
Axes           | 3 |  3.3
Dodging        | 3 |  3.3
Fighting       | 3 |  3.1
Stealth        | |  0.2
Shields        | |  0.1

Action                   |  1- 3 |  4- 6 || total
-------------------------+-------+-------++-------
Melee: Hand axe          |    87 |       ||    87
       War axe           |    47 |    11 ||    58
Invok: Berserk           |     1 |     1 ||     2
  Use: Scroll            |     4 |     1 ||     5
 Stab: Sleeping          |     1 |       ||     1
Armor: Animal skin       |   102 |     3 ||   105
Dodge: Dodged            |   130 |     3 ||   133
Block: Kite shield       |    11 |     5 ||    16
